 Dungeon Crawl Stone Soup version 0.27.1-33-g824d729ab1 (webtiles) character file.

Game seed: 18357622898399475669

2676606 inicio998 the Sorcerer (level 27, 252/300 HPs)
             Began as a Green Draconian Conjurer on Dec 7, 2021.
             Was the Champion of Vehumet.
             Escaped with the Orb
             ... and 5 runes on Dec 9, 2021!
             The game lasted 10:38:12 (102485 turns).

inicio998 the Sorcerer (Green Draconian Conjurer) Turns: 102485, Time: 10:38:12

Health: 252/300    AC: 32    Str: 14    XL:     27
Magic:  46/49      EV: 17    Int: 45    God:    Vehumet [******]
Gold:   4193       SH: 12    Dex:  8    Spells: 0/70 levels left

rFire    + + +     SeeInvis +   F - +3 Elemental Staff {rElec rF++ rC++ Will++ AC+5}
rCold    + + +     Faith    .   S - +3 warlock's mirror {reflect}
rNeg     + + .     Spirit   .   (armour unavailable)
rPois    +         Reflect  +   D - +3 crown of Dyrovepreva {rElec Int+2 SInv}
rElec    +         Harm     .   h - +4 dragonskin cloak
rCorr    .         Rampage  .   l - +2 pair of gloves {Stlth+}
Will     ++++.                  V - +2 pair of boots {Fly}
Stlth    +++.......             N - amulet "Runuorph" {Reflect rElec Int+4 SH+5}
HPRegen  0.60/turn              A - ring of Fuorchoch {rF+ Str+4 Int+4 Slay+3}
MPRegen  0.31/turn              d - ring "Vapsyifo" {+Blink rN+ Int+4 Slay+3 Stlth+}

@: flying, studying Crossbows
A: breathe noxious fumes, AC +13, unfitting armour, stinger 1, poison
resistance, cold-blooded, big wings, clumsy 1, deterioration 1, robust 2,
MP-powered wands
0: Orb of Zot
}: 5/15 runes: decaying, slimy, silver, abyssal, gossamer
a: Breathe Noxious Fumes, Renounce Religion, Evoke Blink


You escaped.
You worshipped Vehumet.
Vehumet was exalted by your worship.
You visited 13 branches of the dungeon, and saw 59 of its levels.
You visited the Abyss 5 times.
You visited 2 bazaars.
You also visited: Trove, Sewer, Ice Cave and Wizlab.

You collected 12506 gold pieces.
You spent 8313 gold pieces at shops.

Inventory:

Hand Weapons
 c - the +9 staff of Wucad Mu {*channel}
   (You found it in a wizard's laboratory)

   It occasionally powers its wielder's spells, but with a chance of causing
   confusion or draining the wielder's intelligence.
   It becomes more likely to activate and less likely to backfire with increased
   Evocations skill.
 F - the +3 Elemental Staff (weapon) {rElec rF++ rC++ Will++ AC+5}
   (You took it off a vampire on level 13 of the Dungeon)

   If the wielder is skilled in Evocations, they can discharge powerful blasts
   of elemental energy when striking with it.
   It enhances your fire, ice, earth and air magic.
   AC:        It affects your AC (+5).
   rF:        It greatly protects you from fire.
   rC:        It greatly protects you from cold.
   rElec:     It insulates you from electricity.
   Will:      It greatly increases your willpower.
Missiles
 w - a throwing net
Armour
 h - the +4 dragonskin cloak (worn)
   (You took it off Tiamat on level 3 of the Realm of Zot)

   It grants the wearer a chance to resist fire, cold, poison, electricity,
   acid, and negative energy.
 l - a +2 pair of gloves of stealth (worn)
 s - the +0 cloak of the Scribe {Will+ Dex+3 Stlth-}
   (You bought it in a shop on level 5 of the Dungeon)

   Dex:       It affects your dexterity (+3).
   Will:      It increases your willpower.
   Stlth:     It makes you less stealthy.
 u - the -2 hat of the Alchemist {rElec rPois rF+ rC+ rN+ Will+ rMut rCorr}
   (You bought it in a shop on level 1 of the Elven Halls)

   rF:        It protects you from fire.
   rC:        It protects you from cold.
   rElec:     It insulates you from electricity.
   rPois:     It protects you from poison.
   rN:        It protects you from negative energy.
   rCorr:     It protects you from acid and corrosion.
   rMut:      It protects you from mutation.
   Will:      It increases your willpower.
 D - the +3 crown of Dyrovepreva (worn) {rElec Int+2 SInv}
   (You bought it in a shop in a bazaar)

   Int:       It affects your intelligence (+2).
   rElec:     It insulates you from electricity.
   SInv:      It lets you see invisible.
 S - the +3 warlock's mirror (worn) {reflect}
   (You found it on level 10 of the Dungeon)

   It can block and reflect piercing ranged attacks and magical attacks against
   the wielder's willpower.
 V - a +2 pair of boots of flying (worn)
 W - the +0 mask of the Dragon {Will+ Slay+3 SInv}
   (You bought it in a shop on level 2 of the Orcish Mines)

   Slay:      It affects your accuracy & damage with ranged weapons and melee
   (+3).
   SInv:      It lets you see invisible.
   Will:      It increases your willpower.
Jewellery
 d - the ring "Vapsyifo" (right hand) {+Blink rN+ Int+4 Slay+3 Stlth+}
   (You bought it in a shop on level 5 of the Depths)

   [ring of positive energy]

   Int:       It affects your intelligence (+4).
   Slay:      It affects your accuracy & damage with ranged weapons and melee
   (+3).
   rN:        It protects you from negative energy.
   +Blink:    It lets you blink.
   Stlth:     It makes you more stealthy.
 A - the ring of Fuorchoch (left hand) {rF+ Str+4 Int+4 Slay+3}
   (You bought it in a shop on level 6 of the Dungeon)

   [ring of protection from fire]

   Str:       It affects your strength (+4).
   Int:       It affects your intelligence (+4).
   Slay:      It affects your accuracy & damage with ranged weapons and melee
   (+3).
   rF:        It protects you from fire.
 M - a +4 ring of protection
 N - the amulet "Runuorph" (around neck) {Reflect rElec Int+4 SH+5}
   (You took it off a deep elf blademaster on level 3 of the Elven Halls)

   [amulet of reflection]

   It reflects blocked missile attacks.
   Int:       It affects your intelligence (+4).
   rElec:     It insulates you from electricity.
   SH:        It affects your SH (+5).
Wands
 i - a wand of digging (16)
 p - a wand of mindburst (31) (quivered)
 q - a wand of acid (48)
 r - a wand of paralysis (73)
 y - a wand of iceblast (78)
 G - a wand of polymorph (65)
 L - a wand of charming (10)
 U - a wand of flame (78)
Scrolls
 b - 3 scrolls of holy word
 e - 7 scrolls of amnesia
 g - 8 scrolls of fear
 m - 11 scrolls of vulnerability
 v - a scroll of enchant armour
 x - 9 scrolls of teleportation
 B - 2 scrolls of summoning
 E - 11 scrolls of immolation
 I - 7 scrolls of magic mapping
 O - 10 scrolls of fog
 P - a scroll of acquirement
 Y - 3 scrolls of torment
Potions
 a - 5 potions of resistance
 k - 10 potions of haste
 n - 2 potions of cancellation
 o - 3 potions of might
 t - 5 potions of attraction
 z - 9 potions of lignification
 C - a potion of mutation
 H - 23 potions of curing
 J - 17 potions of ambrosia
 K - 13 potions of heal wounds
 Q - 5 potions of invisibility
 X - 10 potions of brilliance
Miscellaneous
 f - a condenser vane
 j - the horn of Geryon
 R - a phantom mirror
 T - a phial of floods
 Z - a tin of tremorstones (2/2)


   Skills:
 + Level 21.2 Fighting
 - Level 12.0 Staves
 + Level 17.8 Dodging
 + Level 16.0 Stealth
 - Level 4.0 Shields
 - Level 22.0 Spellcasting
 - Level 20.0 Conjurations
 - Level 5.0 Hexes
 - Level 5.0 Translocations
 - Level 5.0 Transmutations
 + Level 19.6 Fire Magic
 + Level 19.6 Air Magic
 + Level 19.7 Earth Magic
 - Level 7.0 Poison Magic
 + Level 17.9 Evocations


You couldn't memorise any spells.
You knew the following spells:

 Your Spells              Type           Power      Damage    Failure   Level
a - Ignition              Fire           73%        3d19      1%          8
b - Lehudib's Crystal Sp  Conj/Erth      74%        10d17     1%          8
c - Shatter               Erth           74%        3d54*     3%          9
d - Iskenderun's Mystic   Conj/Tloc      100%       2d19      0%          4
e - Lightning Bolt        Conj/Air       74%        1d99      0%          5
f - Bolt of Magma         Conj/Fire/Erth 87%        4d33      0%          5
g - Starburst             Conj/Fire      74%        6d19      0%          6
h - Fire Storm            Conj/Fire      74%        8d19      3%          9
i - Fireball              Conj/Fire      74%        3d28      0%          5
j - Chain Lightning       Conj/Air       74%        3d98      3%          9
k - Passwall              Tmut/Erth      100%       N/A       0%          2

Your spell library contained the following spells:

 Spells                   Type           Power      Damage    Failure   Level
 Foxfire                  Conj/Fire      100%       2x1d9     0%          1
 Magic Dart               Conj           100%       1d8       0%          1
 Sandblast                Erth           100%       2d20      0%          1
 Corpse Rot               Necr/Air       N/A        N/A       0%          2
 Poisonous Vapours        Pois/Air       100%       N/A       0%          2
 Searing Ray              Conj           100%       3d7       0%          2
 Conjure Flame            Conj/Fire      100%       6-21      0%          3
 Dazzling Flash           Conj/Hex       100%       N/A       0%          3
 Inner Flame              Hex/Fire       100%       N/A       0%          3
 Swiftness                Air            100%       N/A       0%          3
 Airstrike                Air            74%        N/A       0%          4
 Fulminant Prism          Conj/Hex       52%        3d23      0%          4
 Iskenderun's Battlesphe  Conj           100%       2d15      0%          5
 Lee's Rapid Deconstruct  Erth           74%        3d34*     0%          5
 Conjure Ball Lightning   Conj/Air       74%        3x3d27    0%          6
 Animate Skeleton         Necr           98%        N/A       1%          1
 Apportation              Tloc           100%       N/A       1%          1
 Beastly Appendage        Tmut           100%       N/A       1%          1
 Corona                   Hex            84%        N/A       1%          1
 Pain                     Necr           100%       1d9       1%          1
 Summon Small Mammal      Summ           100%       N/A       1%          1
 Blink                    Tloc           N/A        N/A       1%          2
 Ensorcelled Hibernation  Hex/Ice        100%       N/A       1%          2
 Slow                     Hex            76%        N/A       1%          2
 Sublimation of Blood     Necr           24%        N/A       1%          2
 Wereblood                Tmut           76%        N/A       1%          2
 Call Canine Familiar     Summ           49%        N/A       1%          3
 Confusing Touch          Hex            76%        N/A       1%          3
 Frozen Ramparts          Ice            100%       1d12      1%          3
 Gell's Gravitas          Tloc           38%        N/A       1%          3
 Lesser Beckoning         Tloc           38%        N/A       1%          3
 Portal Projectile        Hex/Tloc       100%       N/A       1%          3
 Spider Form              Tmut/Pois      40%        N/A       1%          3
 Summon Guardian Golem    Hex/Summ       64%        N/A       1%          3
 Teleport Other           Tloc           76%        N/A       1%          3
 Tukima's Dance           Hex            76%        N/A       1%          3
 Vampiric Draining        Necr           24%        2d9       1%          3
 Cause Fear               Hex            38%        N/A       1%          4
 Hailstorm                Conj/Ice       100%       3d20      1%          4
 Ice Form                 Ice/Tmut       82%        N/A       1%          4
 Leda's Liquefaction      Hex/Erth       63%        N/A       1%          4
 Olgreb's Toxic Radiance  Pois           85%        N/A       1%          4
 Passage of Golubria      Tloc           N/A        N/A       1%          4
 Petrify                  Tmut/Erth      100%       N/A       1%          4
 Summon Lightning Spire   Summ/Air       100%       N/A       1%          4
 Blade Hands              Tmut           38%        N/A       1%          5
 Freezing Cloud           Conj/Ice/Air   77%        6-21      1%          5
 Irradiate                Conj/Tmut      52%        3d31      1%          5
 Manifold Assault         Tloc           76%        N/A       1%          5
 Silence                  Hex/Air        63%        N/A       1%          5
 Eringya's Noxious Bog    Tmut/Pois      40%        N/A       1%          6
 Statue Form              Tmut/Erth      84%        N/A       1%          6
 Orb of Destruction       Conj           62%        9d17      1%          7
 Spellforged Servitor     Conj/Summ      48%        N/A       1%          7
 Storm Form               Tmut/Air       63%        N/A       1%          7
 Dispel Undead            Necr           49%        3d18      3%          4
 Summon Ice Beast         Ice/Summ       65%        N/A       3%          4
 Metabolic Englaciation   Hex/Ice        41%        N/A       3%          5
 Summon Forest            Summ/Tloc      32%        N/A       3%          5
 Summon Mana Viper        Hex/Summ       64%        N/A       3%          5
 Dispersal                Tloc           38%        N/A       7%          6
 Invisibility             Hex            38%        N/A       7%          6
 Agony                    Necr           49%        N/A       10%         5
 Excruciating Wounds      Necr           24%        N/A       10%         5
 Dragon Form              Tmut           38%        N/A       36%         7
 Death Channel            Necr           24%        N/A       50%         6
 Shadow Creatures         Summ           N/A        N/A       50%         6
 Simulacrum               Ice/Necr       32%        N/A       50%         6
 Ozocubu's Refrigeration  Ice            32%        4d11      58%         7
 Malign Gateway           Summ/Tloc      32%        N/A       73%         7
 Haunt                    Necr/Summ      24%        N/A       97%         7
 Monstrous Menagerie      Summ           24%        N/A       97%         7
 Summon Hydra             Summ           24%        N/A       97%         7
 Discord                  Hex            38%        N/A       97%         8
 Disjunction              Tloc           38%        N/A       97%         8
 Infestation              Necr           24%        N/A       100%        8
 Necromutation            Tmut/Necr      32%        N/A       100%        8
 Summon Horrible Things   Summ           24%        N/A       100%        8
 Death's Door             Necr           24%        N/A       100%        9
 Dragon's Call            Summ           24%        N/A       100%        9
 Animate Armour           Summ/Erth      Unusable   N/A       N/A         4

Dungeon Overview and Level Annotations

Branches:
Dungeon (15/15)            Temple (1/1) D:5            Lair (6/6) D:11
  Swamp (4/4) Lair:2       Spider (4/4) Lair:4        Slime (5/5) Lair:5
    Orc (2/2) D:10            Elf (3/3) Orc:2        Vaults (5/5) D:13
  Crypt (3/3) Vaults:3       Tomb (0/3) Crypt:3      Depths (5/5) D:15
   Hell (visited)             Dis (0/7) Hell            Geh (0/7) Hell
    Coc (0/7) Hell            Tar (0/7) Hell            Zot (5/5) Depths:5
  Sewer (visited)           IceCv (visited)          WizLab (visited)

Altars:
Ashenzari
Elyvilon
Fedhas
Gozag
Nemelex Xobeh
Qazlal
Ru
Sif Muna
Uskayaw
Vehumet
Wu Jian
Yredelemnul
Zin

Shops:
D:5 *[   D:6 =   D:9 *   D:10 *   D:15 *:   Orc:2 [*(:   Elf:1 ![   Depths:3 *
Depths:5 :=:

Portals:
Hell: Depths:1 Depths:2 Depths:3 Depths:4 Depths:5
Abyss: Depths:4
Pandemonium: Depths:1 Depths:2 Depths:3
Ziggurat: Depths:5

Annotations:
Elf:2 3 runed translucent doors, 1 exclusion


Innate Abilities, Weirdness & Mutations

You can breathe blasts of noxious fumes.
Your lurid green scales are hard. (AC +13)
You cannot fit into any form of body armour.
Your tail ends in a poisonous barb.
Your system is resistant to poisons. (rPois)
You are cold-blooded and may be slowed by cold attacks.
Your large and strong wings let you fly.
You are clumsy. (Dex -2)
Your body sometimes deteriorates upon taking damage.
You are very robust. (+20% HP)
You expend magic power (3 MP) to strengthen your wands.


Message History

There is a stone staircase leading up here.
You fly upwards.
There is a stone staircase leading down here.
Casting: Chain Lightning (mildly dangerous; 3% risk of failure)
Confirm with . or Enter, or press ? or * to list all spells.
Aiming: Passwall (safe; 0% risk of failure)
Press: ? - help, Dir - move target A rock wall.
This square is covered in magical glow.
You feel a surge of power!
You begin to meditate on the wall.
You continue meditating on the rock. x6
You finish merging with the rock.
Casting: Passwall (safe; 0% risk of failure)
Confirm with . or Enter, or press ? or * to list all spells.
Aiming: Passwall (safe; 0% risk of failure)
Press: ? - help, Dir - move target, f - you Please select a wall.
This square is covered in magical glow.
Okay, then.
Casting: Passwall (safe; 0% risk of failure)
Confirm with . or Enter, or press ? or * to list all spells.
Aiming: Passwall (safe; 0% risk of failure)
Press: ? - help, Dir - move target A rock wall.
This square is covered in magical glow.
You feel a surge of power!
You begin to meditate on the wall.
You continue meditating on the rock. x6
You finish merging with the rock.
Casting: Passwall (safe; 0% risk of failure)
Confirm with . or Enter, or press ? or * to list all spells.
Aiming: Passwall (safe; 0% risk of failure)
Press: ? - help, Dir - move target A rock wall.
This square is covered in magical glow.
You feel a surge of power!
You begin to meditate on the wall.
You continue meditating on the rock. x5
You finish merging with the rock.
There is an open door here.
There is a staircase leading out of the dungeon here.
You have escaped!

#.# #.###.##...#...# #
#.# #.# #.####.#.#### #
#.####.# #.# #......# #
#.#....# #.# ######.# #
#...#..# #.## #.# #
##.###.###..# #####.# #
#..#..##...# #.....#####
#....###'#.# #.##.......
#.#.## #@#.# #.###[#####
#.#.# #+#.# #.# #.# #
#.#.# #...####.# #.# #
#.#.# #.#......# #.#####
#.#.####.#.###..###......
#.#........#.........##..
#.######.#.#...##.##.####
#..............###.#.####
########.....### #.....##


There were no monsters in sight!

Vanquished Creatures
  the Royal Jelly (Slime:5)
  3 dread liches (Zot:5)
  Tiamat (Zot:3)
  5 ancient liches
  6 orbs of fire
  Khufu (Crypt:2)
  A juggernaut (Depths:3)
  A royal mummy (Crypt:2)
  3 Killer Klowns
  Boris (5 times) (Vaults:4 Depths:1 Depths:3 Depths:4 Crypt:2)
  Xtahua (Crypt:2)
  2 curse toes
  Frederick (Depths:5)
  Saint Roka (Crypt:2)
  Jory (Vaults:3)
  Geryon (Hell)
  18 golden dragons
  Nikola (Swamp:3)
  Arachne (Spider:2)
  4 bone dragons
  7 electric golems
  19 tentacled monstrosities
  2 hellephants
  Rupert (Spider:1)
  6 liches
  26 Orb Guardians
  27 acid blobs
  Asterion (Spider:4)
  7 titans
  8 ancient champions
  19 tentacled starspawn
  2 deep elf master archers (Elf:3)
  5 deep elf blademasters
  4 sphinxes
  6 quicksilver dragons
  2 Executioners (Abyss:3)
  11 death cobs
  Roxanne (Spider:4)
  19 storm dragons
  5 thorn hunters
  13 shadow dragons
  6 tengu reavers
  Donald (Vaults:4)
  2 fenstrider witches
  A revenant (Crypt:2)
  12 draconian monks
  21 fire giants
  6 azure jellies
  16 rockslimes
  An iron dragon (Vaults:5)
  5 draconian knights
  15 draconian scorchers
  9 ghost moths
  12 frost giants
  An orc warlord (Orc:2)
  6 deep elf sorcerers
  6 deep elf elementalists (Elf:3)
  7 cacodemons
  2 curse skulls (Crypt:2)
  A balrug (Depths:4)
  5 emperor scorpions (Spider:4)
  Aizul (Spider:4)
  20 vault wardens
  11 draconian shifters
  17 draconian annihilators
  4 draconian stormcallers
  2 spriggan defenders
  4 reapers
  5 ghouls
  An ophan (Abyss:1)
  16 ironbound preservers
  An angel (Abyss:3)
  49 very ugly things
  8 war gargoyles
  22 stone giants
  2 hydra skeletons
  18 quicksilver oozes
  14 black draconians
  15 vampire knights
  21 green draconians
  5 bunyips
  4 deep elf demonologists
  14 purple draconians
  24 red draconians
  12 yellow draconians
  12 dire elephants
  9 deep elf annihilators
  An entropy weaver (Vaults:4)
  5 spark wasps
  18 white draconians
  6 eidola
  7 crystal guardians
  17 ettins
  2 blizzard demons
  4 deep elf death magi
  2 eleionomae
  2 jiangshi (Crypt:2)
  A green death (Abyss:3)
  3 shambling mangroves (Swamp:4)
  2 quicksilver dragon skeletons
  Josephine (D:11)
  8 fire dragons
  14 yaktaur captains
  8 deep elf high priests
  17 hydras
  A salamander tyrant (Depths:4)
  15 great orbs of eyes
  2 hell beasts (Hell)
  20 ice dragons
  42 vault guards
  A rakshasa (Abyss:3)
  13 centaur warriors
  7 spriggan air magi
  7 ironbound thunderhulks
  A ghost crab (Swamp:4)
  Erica (D:11)
  15 boulder beetles
  A juggernaut simulacrum (Depths:3)
  2 ogre magi (Vaults:5)
  A two-headed ogre (shapeshifter) (Depths:5)
  2 peacekeepers
  A fenstrider witch skeleton (Crypt:1)
  11 ironbound frosthearts
  A catoblepas (D:13)
  6 alligators
  A death knight (Crypt:1)
  A death yak (Lair:6)
  8 vampire magi
  7 tengu warriors
  14 deep troll earth magi
  7 two-headed ogres
  8 deep troll shamans
  8 hell hogs (Hell)
  An alligator (shapeshifter) (Vaults:5)
  21 dancing weapons
  8 ironbound beastmasters
  8 thrashing horrors
  5 orc high priests (Orc:2)
  9 spriggan berserkers
  30 hell knights
  22 deep elf knights
  2 titan skeletons
  5 soul eaters
  9 sun demons
  A spectral death yak (Lair:6)
  3 storm dragon zombies
  2 salamander mystics
  19 wretched stars
  22 skeletal warriors
  A golden dragon zombie (Crypt:3)
  7 sixfirhies
  A shadow wraith (Crypt:2)
  3 goliath frogs
  A torturous demonspawn (D:9)
  A spectral anaconda (Lair:6)
  2 death drakes (Depths:5)
  16 iron trolls
  9 glowing orange brains
  6 spriggan druids
  A death drake (shapeshifter) (Vaults:5)
  2 spectral hydras (Swamp:4)
  51 deep trolls
  3 spatial maelstroms
  6 flayed ghosts
  A golden dragon skeleton (Hell)
  12 phantasmal warriors
  An obsidian statue (Lair:6)
  16 deep elf archers
  7 bog bodies
  3 anaconda skeletons
  2 anaconda zombies
  18 ironbound convokers
  A shadow demon (Abyss:3)
  24 necromancers
  9 swamp dragons
  5 lindwurms
  2 orange crystal statues
  An iron dragon zombie (Hell)
  A shadow dragon zombie (Hell)
  14 wizards
  33 deep elf pyromancers
  30 deep elf zephyrmancers
  Pikel (D:5)
  22 wolf spiders
  26 ugly things
  3 oklob plants (Swamp:4)
  12 orb spiders
  4 cyclopes
  4 orc knights
  A wolf spider zombie (Hell)
  7 orc sorcerers
  2 will-o-the-wisps
  A shadow dragon skeleton (Hell)
  8 shining eyes
  5 worldbinders
  2 manticores
  9 salamanders
  39 moths of wrath
  12 elephants (Lair:6)
  A moth of wrath (shapeshifter) (Vaults:5)
  2 rust devils
  19 vault sentinels
  3 guardian serpents
  A stone giant skeleton (Hell)
  9 black mambas
  2 water nymphs (shapeshifter)
  2 apocalypse crabs
  8 eyes of devastation
  10 cane toads
  A gargoyle (D:12)
  2 torpor snails
  7 orange demons
  A molten gargoyle (Hell)
  20 smoke demons
  6 storm dragon simulacra (IceCv)
  A dire elephant skeleton (Lair:6)
  2 sea snake zombies (Hell)
  Maggie (D:10)
  An unseen horror (shapeshifter) (Vaults:5)
  A shock serpent skeleton (Hell)
  4 efreet
  3 hellions
  A komodo dragon (shapeshifter) (Abyss:3)
  6 rime drakes
  3 unseen horrors
  A yaktaur (shapeshifter) (D:10)
  8 freezing wraiths
  15 komodo dragons
  3 kobold demonologists
  An anaconda simulacrum (Abyss:3)
  10 ice devils
  10 demonic crawlers
  7 golden dragon simulacra
  3 tormentors
  35 yaktaurs
  4 hellwings
  5 tengu conjurers
  A green draconian skeleton (Crypt:2)
  10 ancient zymes
  6 trolls
  5 death drake zombies (Swamp:4)
  An elf skeleton (Depths:3)
  An iron troll zombie (Crypt:1)
  A red devil (D:9)
  31 jumping spiders
  A polar bear (shapeshifter) (Depths:5)
  4 hydra zombies
  A shadow dragon simulacrum (Hell)
  3 meliai (Spider:2)
  5 tyrant leeches
  A sea snake skeleton (Hell)
  2 polar bears
  A harpy skeleton (Crypt:3)
  Grinder (D:3)
  A raiju (shapeshifter) (Vaults:5)
  The ghost of TheLostOne the Cudgeller, an amateur DsBe of Trog (D:5)
  A satyr zombie (Crypt:2)
  30 hornets
  2 fire dragon zombies (Crypt:3)
  A tyrant leech (shapeshifter) (Vaults:5)
  16 blink frogs
  122 slime creatures
  An alligator zombie (Hell)
  21 raiju
  A death drake skeleton (Swamp:4)
  36 small abominations
  A frost giant simulacrum (Hell)
  An alligator skeleton (Hell)
  A shadow (Abyss:3)
  61 starcursed masses
  31 tarantellas
  2 air elementals (Elf:2)
  71 flying skulls
  An ice dragon skeleton (Crypt:3)
  8 vampires
  An ettin skeleton (Crypt:1)
  A fire dragon skeleton (Abyss:2)
  72 large abominations
  20 spriggans
  83 redbacks
  11 ynoxinuls
  2 fire elementals (Elf:3)
  20 wraiths
  30 golden eyes
  16 humans (D:13)
  6 water elementals
  Eustachio (D:5)
  A tyrant leech zombie (Crypt:2)
  3 wyverns
  6 basilisks
  3 fire bats (Abyss:3)
  A yak (shapeshifter) (Abyss:3)
  3 vampire mosquitoes (Swamp:1)
  A sea snake simulacrum (Hell)
  10 chaos spawn
  57 yaks
  5 neqoxecs
  Grum (D:10)
  A wind drake skeleton (Crypt:2)
  2 spatial vortices (Abyss:3)
  A merfolk zombie (Crypt:3)
  A gelid demonspawn zombie (Crypt:2)
  2 steam dragons
  3 wargs
  14 swamp worms
  3 acid dragons
  4 hydra simulacra (Swamp:4)
  12 water moccasins
  6 floating eyes
  16 hell hounds
  A monstrous demonspawn skeleton (Crypt:2)
  29 orc warriors
  An ice beast (D:7)
  Purgy (Sewer)
  3 sky beasts
  A hornet zombie (D:9)
  5 swamp drakes
  A black bear (Lair:2)
  8 necrophages
  2 swamp dragon zombies (Swamp:4)
  21 wolves
  A boggart (Vaults:1)
  An elephant zombie (Lair:6)
  3 snapping turtle zombies
  4 ice dragon simulacra
  8 ogres
  15 centaurs
  2 elephant skeletons (Lair:6)
  A swamp dragon skeleton (Swamp:4)
  4 lemures (D:5)
  A fire crab zombie (Crypt:2)
  4 kobold brigands
  A salamander zombie (Crypt:2)
  A draconian zombie (Crypt:2)
  Blork the orc (D:6)
  A cane toad simulacrum (Lair:6)
  8 bullfrogs
  A gnoll sergeant (D:9)
  A yaktaur skeleton (Crypt:1)
  5 earth elementals
  A water moccasin zombie (D:5)
  2 scorpions (D:5)
  A hornet simulacrum (D:15)
  2 water moccasin skeletons
  6 lindwurm simulacra (IceCv)
  A snapping turtle simulacrum (Hell)
  A spriggan zombie (Hell)
  15 killer bees
  6 wights
  A spriggan skeleton (Hell)
  A yak skeleton (Crypt:2)
  4 howler monkeys
  3 elephant simulacra (Lair:6)
  4 electric eels
  A crimson imp (Abyss:2)
  2 bullfrog zombies
  6 centaur zombies
  3 quasits
  A gnoll shaman (D:6)
  2 bullfrog skeletons (D:5)
  Crazy Yiuf (D:3)
  A centaur skeleton (D:7)
  7 human zombies (D:13)
  28 orc priests
  2 hounds
  A jelly (Abyss:1)
  3 iron imps
  Ijyb (D:3)
  15 hell rats
  3 iguanas
  31 orc wizards
  A felid zombie (Crypt:1)
  A howler monkey zombie (D:8)
  2 mummies (Crypt:2)
  15 gnolls
  A howler monkey skeleton (D:7)
  A river rat (D:13)
  9 adders
  2 shadow imps
  8 white imps
  5 ufetubi
  A lava snake zombie (Crypt:1)
  3 worms
  3 dart slugs
  78 orcs
  8 ball pythons
  12 bats
  7 endoplasms
  3 giant cockroaches
  5 goblins
  3 hobgoblins
  2 quokkas
  3 frilled lizards
  19 kobolds
  11 rats
  13 fulminant prisms
  2 lurking horrors (Abyss:3)
  2 plants (Elf:3)
  20 starspawn tentacles
3287 creatures vanquished.

Vanquished Creatures (collateral kills)
  An Orb Guardian (Zot:5)
  An azure jelly (Slime:5)
  An ettin zombie (Crypt:3)
3 creatures vanquished.

Vanquished Creatures (others)
  The ghost of Jofris Vesimp the Sniper, a legendary GnFE of Sif Muna (Zot:4)
  A skeletal warrior (Crypt:3)
  A swamp worm (Swamp:1)
  3 ball lightnings (Zot:4)
  77 fire vortices
  8 foxfires
  205 fulminant prisms
  41 fungi
  63 plants
  31 starspawn tentacles
  32 withered plants (Lair:6)
463 creatures vanquished.

Grand Total: 3753 creatures vanquished

Notes
Turn   | Place    | Note
-------+----------+-------------------------------------------
     0 | D:1      | inicio998 the Draconian Conjurer began the quest for the
                  | Orb.
     0 | D:1      | Reached XP level 1. HP: 14/14 MP: 3/3
   320 | D:1      | Reached XP level 2. HP: 20/20 MP: 1/5
   904 | D:2      | Learned a level 2 spell: Searing Ray
  1139 | D:2      | Reached XP level 3. HP: 26/26 MP: 0/6
  1686 | D:2      | Found a faded altar of an unknown god.
  1945 | D:3      | Noticed Grinder
  2082 | D:3      | Reached XP level 4. HP: 33/33 MP: 4/8
  2195 | D:3      | Reached skill level 3 in Spellcasting
  2745 | D:4      | Reached skill level 5 in Conjurations
  2745 | D:4      | Reached XP level 5. HP: 38/38 MP: 0/9
  2980 | D:5      | Entered Level 5 of the Dungeon
  2980 | D:5      | Noticed TheLostOne's ghost (amateur DsBe)
  2980 | D:5      | Found a runed translucent door.
  2981 | D:5      | Noticed a centaur
  3155 | D:5      | Reached XP level 6. HP: 45/45 MP: 5/11
  3459 | D:5      | Reached skill level 4 in Spellcasting
  3683 | D:5      | Found a staircase to the Ecumenical Temple.
  3688 | Temple   | Entered the Ecumenical Temple
  3697 | Temple   | Became a worshipper of Vehumet
  3711 | D:5      | Noticed Pikel
  3713 | D:5      | Noticed Eustachio
  3715 | D:5      | Noticed a water moccasin
  3719 | D:5      | Killed Pikel
  3720 | D:5      | Reached skill level 5 in Spellcasting
  3720 | D:5      | Your scales start taking on a lurid green colour.
  3720 | D:5      | Reached XP level 7. HP: 41/50 MP: 4/14
  3720 | D:5      | Gained mutation: Your system is resistant to poisons.
                  | (rPois) [Green Draconian growth]
  3790 | D:5      | Reached XP level 8. HP: 51/57 MP: 9/15
  3796 | D:5      | Killed Eustachio
  4010 | D:5      | Learned a level 4 spell: Fulminant Prism
  4015 | D:5      | Learned a level 4 spell: Iskenderun's Mystic Blast
  4205 | D:5      | Found Zarejumm's Antique Armour Shoppe.
  4213 | D:5      | Bought a polished cloak for 237 gold pieces
  4213 | D:5      | Identified the +0 cloak of the Scribe {Will+ Dex+3 Stlth-}
                  | (You bought it in a shop on level 5 of the Dungeon)
  4363 | D:5      | Found Lepuidd's Assorted Antiques.
  4469 | D:6      | Found Zaischeso's Jewellery Shop.
  4634 | D:6      | Noticed Blork the orc
  4642 | D:6      | Killed Blork the orc
  4643 | D:6      | Reached skill level 1 in Hexes
  4643 | D:6      | Reached skill level 1 in Translocations
  4668 | D:6      | Found a glowing drain.
  4677 | Sewer    | Entered a sewer
  4714 | Sewer    | Noticed Purgy
  4718 | Sewer    | Killed Purgy
  4719 | Sewer    | Reached skill level 6 in Spellcasting
  4954 | D:6      | Reached * piety under Vehumet
  4954 | D:6      | Offered knowledge of Foxfire by Vehumet.
  5112 | D:6      | Reached XP level 9. HP: 62/62 MP: 11/18
  5339 | D:6      | Found a basalt altar of Yredelemnul.
  5476 | D:6      | Reached skill level 5 in Stealth
  5576 | D:6      | Found an opulent altar of Gozag.
  5791 | D:3      | Noticed Ijyb
  5797 | D:3      | Killed Ijyb
  5956 | D:3      | Reached ** piety under Vehumet
  5956 | D:3      | Offered knowledge of Static Discharge by Vehumet.
  6056 | D:3      | Killed Grinder
  6105 | D:3      | Found a runed translucent door.
  6106 | D:3      | Noticed Crazy Yiuf
  6112 | D:3      | Killed Crazy Yiuf
  6246 | D:3      | Found a sparkling altar of Nemelex Xobeh.
  6439 | D:7      | Noticed a kobold demonologist
  6444 | D:7      | Killed a kobold demonologist
  6495 | D:7      | Noticed a two-headed ogre
  6502 | D:7      | Killed a two-headed ogre
  6503 | D:7      | Reached skill level 5 in Dodging
  6503 | D:7      | Reached skill level 7 in Spellcasting
  6633 | D:7      | Found a white marble altar of Elyvilon.
  6860 | D:7      | Noticed a deep elf pyromancer
  7219 | D:7      | Killed a deep elf pyromancer
  7220 | D:7      | Reached XP level 10. HP: 52/69 MP: 11/21
  8150 | D:8      | Offered knowledge of Inner Flame by Vehumet.
  8155 | D:8      | Learned a level 3 spell: Inner Flame
  8375 | D:8      | Found an ornate altar of the Wu Jian Council.
  8517 | D:9      | Noticed a centaur warrior
  8685 | D:9      | Found Genoury's General Store.
  8699 | D:8      | Reached skill level 1 in Fire Magic
  8897 | D:9      | Reached *** piety under Vehumet
  9365 | D:9      | Killed a centaur warrior
  9366 | D:9      | Reached skill level 8 in Spellcasting
  9595 | D:9      | Bought a potion of flight for 33 gold pieces
  9595 | D:9      | Bought a potion of curing for 33 gold pieces
  9595 | D:9      | Bought a potion of degeneration for 11 gold pieces
  9877 | D:9      | Identified the +1 scale mail "Mocaiqiw" {rC+ Int-3 Dex+2}
 10004 | D:10     | Entered Level 10 of the Dungeon
 10004 | D:10     | Noticed Grum
 10008 | D:10     | Killed Grum
 10334 | D:10     | Noticed a wizard
 10335 | D:10     | Found the +3 warlock's mirror {reflect}
 10353 | D:10     | Noticed a wizard
 10365 | D:10     | Killed a wizard
 10366 | D:10     | Reached skill level 1 in Fighting
 10366 | D:10     | Killed a wizard
 10367 | D:10     | Reached skill level 1 in Shields
 10435 | D:10     | Noticed a wizard
 10440 | D:10     | Banished a wizard
 10441 | D:10     | Reached skill level 1 in Evocations
 10441 | D:10     | Reached XP level 11. HP: 78/78 MP: 18/23
 10476 | D:10     | Noticed a wizard
 10481 | D:10     | Killed a wizard
 10524 | D:10     | Offered knowledge of Sticky Flame by Vehumet.
 10558 | D:10     | Noticed a wizard
 10563 | D:10     | Noticed a wizard
 10566 | D:10     | Killed a wizard
 10569 | D:10     | Killed a wizard
 10570 | D:10     | Reached skill level 10 in Conjurations
 10720 | D:10     | Noticed a wizard
 10722 | D:10     | Cast into level 2 of the Abyss (a wizard)
 10776 | D:10     | Escaped the Abyss
 10784 | D:10     | Killed a wizard
 10946 | D:10     | Noticed a wizard
 10959 | D:10     | Killed a wizard
 11316 | D:10     | Found a staircase to the Orcish Mines.
 11351 | D:10     | Noticed Maggie
 11357 | D:10     | Killed Maggie
 11671 | D:10     | Found Zin's Purification Station.
 11671 | D:10     | Found a glowing silver altar of Zin.
 11914 | D:11     | Noticed a skeletal warrior
 11920 | D:11     | Noticed a skeletal warrior
 11922 | D:11     | Noticed a skeletal warrior
 11929 | D:11     | Killed a skeletal warrior
 11957 | D:11     | Noticed a skeletal warrior
 11959 | D:11     | Killed a skeletal warrior
 12132 | D:11     | Killed a skeletal warrior
 12133 | D:11     | Reached skill level 9 in Spellcasting
 12206 | D:11     | Killed a skeletal warrior
 12207 | D:11     | Reached skill level 5 in Translocations
 12489 | D:11     | Reached skill level 5 in Fire Magic
 12583 | D:11     | Found a staircase to the Lair.
 12887 | D:11     | Noticed Erica
 12897 | D:11     | Killed Erica
 12898 | D:11     | Reached XP level 12. HP: 81/89 MP: 6/25
 12911 | D:11     | Reached **** piety under Vehumet
 13032 | D:11     | Noticed Josephine
 13043 | D:11     | Killed Josephine
 13044 | D:11     | Reached skill level 5 in Hexes
 13232 | D:11     | Offered knowledge of Bolt of Magma by Vehumet.
 13239 | D:11     | Learned a level 5 spell: Bolt of Magma
 13576 | Lair:1   | Entered Level 1 of the Lair of Beasts
 13578 | Lair:1   | Noticed a six-headed hydra
 13585 | Lair:1   | Killed a six-headed hydra
 13586 | Lair:1   | Reached skill level 1 in Staves
 13903 | Lair:1   | Reached skill level 1 in Earth Magic
 15131 | Lair:2   | Noticed a five-headed hydra
 15135 | Lair:2   | Killed a five-headed hydra
 15179 | Lair:2   | Found a staircase to the Swamp.
 15423 | Lair:3   | Noticed a seven-headed hydra
 15430 | Lair:3   | Killed a seven-headed hydra
 15441 | Lair:3   | Reached XP level 13. HP: 74/99 MP: 10/26
 15445 | Lair:3   | Reached skill level 10 in Spellcasting
 16075 | Lair:3   | Reached ***** piety under Vehumet
 16075 | Lair:3   | Offered knowledge of Starburst by Vehumet.
 16083 | Lair:3   | Learned a level 6 spell: Starburst
 16618 | Lair:4   | Reached skill level 5 in Fighting
 17188 | Lair:4   | Found a hole to the Spider Nest.
 17615 | Lair:5   | Reached skill level 5 in Evocations
 18561 | Lair:5   | Found a staircase to the Slime Pits.
 18722 | Lair:6   | Entered Level 6 of the Lair of Beasts
 19033 | Lair:6   | Gained mutation: Your tail ends in a poisonous barb. [Green
                  | Draconian growth]
 19033 | Lair:6   | Reached XP level 14. HP: 108/108 MP: 10/28
 19495 | Lair:6   | Reached skill level 11 in Spellcasting
 20499 | Lair:6   | Offered knowledge of Iskenderun's Battlesphere by Vehumet.
 20935 | Lair:6   | Reached skill level 5 in Earth Magic
 21035 | Lair:6   | Reached skill level 5 in Staves
 21041 | Lair:6   | Got Kikubaaqudgh's Catalogue of Evil Arts
 21778 | D:5      | Killed TheLostOne's ghost
 22310 | Orc:1    | Entered Level 1 of the Orcish Mines
 22517 | Orc:2    | Entered Level 2 of the Orcish Mines
 23085 | Orc:2    | Noticed an orc warlord
 23092 | Orc:2    | Killed an orc warlord
 23252 | Orc:1    | Learned a level 5 spell: Iskenderun's Battlesphere
 23331 | Orc:2    | Offered knowledge of Fireball by Vehumet.
 23339 | Orc:2    | Reached XP level 15. HP: 73/118 MP: 4/30
 23592 | Orc:2    | Learned a level 5 spell: Fireball
 23600 | Orc:2    | Reached skill level 10 in Fire Magic
 23694 | Orc:2    | Found a staircase to the Elven Halls.
 24031 | Orc:2    | Found Pussubul's General Store.
 24032 | Orc:2    | Found Lamiudgha's Book Emporium.
 24034 | Orc:2    | Found Beyl's Antique Armour Shoppe.
 24034 | Orc:2    | Found Meinuegh's Antique Weapon Shoppe.
 24403 | Orc:2    | Bought a pair of runed gloves for 232 gold pieces
 24403 | Orc:2    | Bought a pair of glowing gloves for 232 gold pieces
 25940 | D:13     | Found a gate to the Vaults.
 25964 | D:13     | Reached skill level 12 in Spellcasting
 26403 | D:13     | Reached ****** piety under Vehumet
 26605 | D:13     | Offered knowledge of Eringya's Noxious Bog by Vehumet.
 26679 | D:13     | Found a basalt altar of Yredelemnul.
 27185 | D:13     | Learned a level 6 spell: Eringya's Noxious Bog
 28083 | D:14     | Reached skill level 1 in Poison Magic
 28500 | D:14     | Offered knowledge of Lightning Bolt by Vehumet.
 28924 | D:14     | Reached skill level 1 in Transmutations
 29170 | D:14     | Noticed a tengu reaver
 29171 | D:14     | Noticed a fire giant
 29172 | D:14     | Noticed a storm dragon
 29176 | D:14     | Killed a tengu reaver
 29201 | D:14     | Killed a storm dragon
 29275 | D:14     | Killed a fire giant
 29531 | D:14     | Reached skill level 10 in Stealth
 29794 | D:14     | Learned a level 5 spell: Lightning Bolt
 29839 | D:15     | Entered Level 15 of the Dungeon
 29884 | D:15     | Found Xyseimee's Hallowed Reliquary.
 29926 | D:15     | Reached XP level 16. HP: 128/128 MP: 27/32
 29953 | D:15     | Reached skill level 1 in Air Magic
 30219 | D:15     | Found Qaklow's Book Boutique.
 30478 | D:15     | Found a staircase to the Depths.
 30837 | Swamp:1  | Entered Level 1 of the Swamp
 31457 | Swamp:1  | Noticed a thorn hunter
 31460 | Swamp:1  | Killed a thorn hunter
 31799 | Swamp:2  | Offered knowledge of Orb of Destruction by Vehumet.
 32524 | Swamp:2  | Reached skill level 5 in Poison Magic
 33065 | Swamp:3  | Reached skill level 13 in Spellcasting
 33550 | Swamp:3  | Noticed Nikola
 33558 | Swamp:3  | Identified the +2 arbalest of Icraxacu {venom, rElec rC+
                  | Will+ Int+2 Stlth-}
 33680 | Swamp:3  | Killed Nikola
 33925 | Swamp:4  | Entered Level 4 of the Swamp
 34239 | Swamp:4  | Reached XP level 17. HP: 137/137 MP: 6/34
 34387 | Swamp:4  | Reached skill level 5 in Air Magic
 34754 | Swamp:4  | Offered knowledge of Lehudib's Crystal Spear by Vehumet.
 34960 | Swamp:4  | Identified the +1 robe of Noughts and Crosses {rElec Str+4
                  | Dex+2}
 35116 | Swamp:4  | Found a blossoming altar of Fedhas.
 35124 | Swamp:4  | Found a basalt altar of Yredelemnul.
 35138 | Swamp:4  | Got a decaying rune of Zot
 35168 | Swamp:4  | Reached skill level 5 in Transmutations
 35562 | Spider:1 | Entered Level 1 of the Spider Nest
 35573 | Spider:1 | Learned a level 8 spell: Ignition
 35821 | Spider:1 | Reached skill level 10 in Dodging
 36086 | Spider:1 | Offered knowledge of Fire Storm by Vehumet.
 36086 | Spider:1 | Offered knowledge of Shatter by Vehumet.
 36086 | Spider:1 | Offered knowledge of Chain Lightning by Vehumet.
 36495 | Spider:1 | Noticed Rupert
 36504 | Spider:1 | Killed Rupert
 37317 | Spider:2 | Noticed Arachne
 37340 | Spider:2 | Killed Arachne
 38273 | Spider:3 | Reached skill level 10 in Fighting
 38470 | Spider:3 | Reached XP level 18. HP: 147/147 MP: 24/35
 38860 | Spider:4 | Entered Level 4 of the Spider Nest
 38882 | Spider:4 | Noticed Asterion
 38898 | Spider:4 | Killed Asterion
 38899 | Spider:4 | Reached skill level 14 in Spellcasting
 39149 | Spider:4 | Noticed Aizul
 39153 | Spider:4 | Killed Aizul
 39545 | Spider:4 | Identified Roxanne's Handbook of Earth
 39545 | Spider:4 | Noticed Roxanne
 40152 | Orc:2    | Bought the +0 mask of the Dragon {Will+ Slay+3 SInv} for
                  | 1035 gold pieces
 40152 | Orc:2    | Found the +0 mask of the Dragon {Will+ Slay+3 SInv}
 41091 | Spider:4 | Killed Roxanne
 42977 | Spider:4 | Got a gossamer rune of Zot
 43418 | Elf:1    | Entered Level 1 of the Elven Halls
 43590 | Elf:1    | Found Kola's Antique Armour Shoppe.
 44019 | Elf:1    | Got the Collected Works on Attacks
 44060 | Elf:1    | Found Racoanig's Distillery.
 44538 | Elf:1    | Identified the +7 great mace of Conscience {vamp, rElec rF+
                  | rN+ Will-}
 44583 | Elf:1    | Reached XP level 19. HP: 149/157 MP: 29/37
 45067 | Elf:2    | Reached skill level 15 in Spellcasting
 45075 | Elf:2    | Found a frozen archway.
 45092 | IceCv    | Entered an ice cave
 45574 | IceCv    | Noticed a golden dragon
 45580 | IceCv    | Killed a golden dragon
 45646 | IceCv    | Identified the ring "Zyhear" {rC+ rN+ Slay+2}
 45749 | IceCv    | Found the +2 shield of Resistance {rF++ rC++ Will++}
 45986 | Elf:2    | Reached skill level 10 in Staves
 46154 | Elf:2    | Found a runed translucent gate.
 46154 | Elf:2    | Found a runed translucent gate.
 46162 | Elf:2    | Found a runed translucent gate.
 46401 | Elf:2    | Paralysed by an air elemental for 1 turns
 46534 | Elf:3    | Entered Level 3 of the Elven Halls
 47059 | Elf:3    | Found the +8 trident of the Octopus King {venom, rElec
                  | rPois Will+}
 48282 | Elf:3    | Identified the +7 halberd of Tenacity {venom, Fly rElec}
 48411 | Elf:3    | Identified the amulet "Runuorph" {Reflect rElec Int+4 SH+5}
 48497 | Elf:3    | Reached XP level 20. HP: 150/167 MP: 12/39
 48500 | Elf:3    | Identified the ring "Saitirr" {Will- rCorr MP+9 Str+6}
 49004 | Elf:3    | Got the Reference Book on the Voyage and Heat
 49161 | Elf:3    | Identified the +0 cloak of Oily Knowledge {Will+ Stlth+}
 49597 | Slime:1  | Entered Level 1 of the Pits of Slime
 49886 | Slime:1  | Reached skill level 16 in Spellcasting
 50427 | Vaults:1 | Entered Level 1 of the Vaults
 50914 | Vaults:1 | Reached skill level 10 in Air Magic
 52843 | Vaults:1 | Reached XP level 21. HP: 176/176 MP: 27/41
 53216 | Vaults:2 | Reached skill level 10 in Evocations
 53231 | Vaults:2 | Found a flickering gateway to a bazaar.
 53238 | Bazaar   | Entered a bazaar
 53238 | Bazaar   | Found Jasitips's General Store.
 53238 | Bazaar   | Found Jiewk's Armour Shop.
 53238 | Bazaar   | Found Leam's Antique Weapon Shoppe.
 53238 | Bazaar   | Found Zesemouj's Book Shop.
 53247 | Bazaar   | Found Equmo's Magic Scroll Boutique.
 55138 | Vaults:3 | Found a staircase to the Crypt.
 55280 | Vaults:3 | Noticed Jory
 55297 | Vaults:3 | Killed Jory
 55679 | Vaults:3 | Reached skill level 17 in Spellcasting
 56646 | Vaults:4 | Noticed Donald
 56650 | Vaults:4 | Killed Donald
 57301 | Vaults:4 | Noticed Boris
 57310 | Vaults:4 | Killed Boris
 57435 | Vaults:4 | Reached XP level 22. HP: 162/185 MP: 43/43
 57519 | Vaults:4 | Identified a scroll of acquirement
 58056 | Vaults:4 | Identified the +2 helmet of the Blue Skies {SInv}
 58550 | Depths:1 | Entered Level 1 of the Depths
 58591 | Depths:1 | Noticed Boris
 58602 | Depths:1 | Killed Boris
 58970 | Depths:1 | Acquired 684 gold pieces
 59118 | Depths:1 | Found a shimmering blue altar of Sif Muna.
 59198 | Depths:1 | Gained mutation: You occasionally shout uncontrollably at
                  | your foes. [a cacodemon]
 59538 | Depths:1 | Found a one-way gate leading to the halls of Pandemonium.
 59867 | Depths:1 | Found a gateway to Hell.
 60131 | Depths:2 | Found a magical portal.
 60138 | WizLab   | Entered Wucad Mu's Monastery
 60297 | WizLab   | Found the +9 staff of Wucad Mu {*channel}
 60459 | WizLab   | Reached XP level 23. HP: 194/194 MP: 44/44
 60795 | Depths:2 | Reached skill level 18 in Spellcasting
 61812 | Depths:3 | Identified the +2 cloak of Temperance {rC- rN++}
 62250 | Depths:3 | Noticed a juggernaut
 62389 | Depths:3 | Killed a juggernaut
 62779 | Depths:3 | Reached skill level 15 in Fire Magic
 63014 | Depths:3 | Reached XP level 24. HP: 203/203 MP: 33/45
 63024 | Depths:3 | Learned a level 9 spell: Fire Storm
 63326 | Depths:3 | Found a portal to a secret trove of treasure.
 63831 | Depths:3 | Found Usheh Eqamp's General Store.
 63964 | Depths:3 | Noticed Boris
 63968 | Depths:3 | Killed Boris
 64069 | Depths:3 | Reached skill level 19 in Spellcasting
 64726 | D:5      | Bought the +8 arc blade {discharge, rElec} for 1800 gold
                  | pieces
 64726 | D:5      | Found the +8 arc blade {discharge, rElec}
 65131 | Depths:3 | You paid a toll of the arc blade to enter a treasure trove
 65132 | Trove    | Entered a treasure trove
 65170 | Trove    | Got Hupunu's Tome of Flight and Conjuration
 65188 | Trove    | Found the ring of the Hare {EV+8}
 65191 | Trove    | Identified the ring of Teptoh {rElec Will+ AC+4}
 65193 | Trove    | Identified the ring of Deavvit {rElec AC+4 Str+3}
 65479 | Depths:4 | Noticed Boris
 65482 | Depths:4 | Killed Boris
 66073 | Depths:4 | Learned a level 9 spell: Chain Lightning
 66531 | Depths:4 | Found a one-way gate to the infinite horrors of the Abyss.
 66879 | Depths:4 | Reached skill level 15 in Conjurations
 67549 | Depths:5 | Entered Level 5 of the Depths
 67560 | Depths:5 | Found a gateway to a ziggurat.
 67563 | Depths:5 | Reached skill level 20 in Spellcasting
 67748 | Depths:5 | Found a gateway to a bazaar.
 67771 | Depths:5 | Reached skill level 15 in Fighting
 67955 | Depths:5 | Reached XP level 25. HP: 213/213 MP: 33/47
 68788 | Bazaar   | Entered a bazaar
 68828 | Bazaar   | Found Idyge's Book Shoppe.
 68844 | Bazaar   | Found Vitaifeo's Armour Emporium.
 68860 | Bazaar   | Found Silog's Antique Armour Shoppe.
 68919 | Bazaar   | Bought the +3 crown of Dyrovepreva {rElec Int+2 SInv} for
                  | 1324 gold pieces
 68919 | Bazaar   | Found the +3 crown of Dyrovepreva {rElec Int+2 SInv}
 68919 | Bazaar   | Bought a pair of runed boots for 240 gold pieces
 69378 | Depths:5 | Noticed Frederick
 69388 | Depths:5 | Killed Frederick
 70278 | Depths:5 | Found a gate to the Realm of Zot.
 70458 | Depths:5 | Reached skill level 21 in Spellcasting
 70788 | Depths:5 | Found Oxkoddak's Book Shoppe.
 70788 | Depths:5 | Found Nomm's Jewellery Boutique.
 70789 | Depths:5 | Found Ireb's Book Shoppe.
 70797 | Depths:5 | Bought the ring "Vapsyifo" {+Blink rN+ Int+4 Slay+3 Stlth+}
                  | for 635 gold pieces
 71169 | Vaults:5 | Entered Level 5 of the Vaults
 71184 | Vaults:5 | Reached XP level 26. HP: 180/224 MP: 45/48
 71323 | Vaults:5 | Reached skill level 15 in Air Magic
 72414 | Vaults:5 | Got a silver rune of Zot
 73349 | Vaults:5 | Got the Incunabulum of Creative Toxins
 73383 | Vaults:5 | Identified the +4 hand axe of Inygh {drain, Str+4}
 73593 | Vaults:5 | Identified the +6 rapier "Juquon" {flame, *Rage Will+++
                  | rCorr Stlth+}
 73597 | Vaults:5 | Identified the +7 battleaxe of Gluttony {vorpal, MP+9}
 73601 | Vaults:5 | Identified the +7 hand axe of the Fox {freeze, *Noise rN+
                  | Dex+2}
 73856 | Vaults:5 | Got the Compendium of Creative Bewitchment
 73874 | Vaults:5 | Reached skill level 22 in Spellcasting
 73971 | Vaults:5 | Learned a level 8 spell: Lehudib's Crystal Spear
 74712 | Crypt:1  | Entered Level 1 of the Crypt
 74712 | Crypt:1  | Noticed an ancient lich
 74715 | Crypt:1  | Killed an ancient lich
 75363 | Crypt:1  | Reached skill level 10 in Earth Magic
 76255 | Crypt:2  | Noticed Khufu
 76592 | Crypt:2  | Noticed a royal mummy
 76728 | Crypt:2  | Killed Khufu
 76956 | Crypt:2  | Killed a royal mummy
 77353 | Crypt:2  | Reached XP level 27. HP: 231/231 MP: 32/49
 77427 | Crypt:2  | Found a transporter.
 77498 | Crypt:2  | Noticed Boris
 77501 | Crypt:2  | Killed Boris
 77573 | Crypt:2  | Noticed Saint Roka
 77578 | Crypt:2  | Killed Saint Roka
 77780 | Crypt:2  | Noticed Xtahua
 77782 | Crypt:2  | Killed Xtahua
 77949 | Crypt:2  | Found a transporter.
 78185 | Crypt:2  | Noticed an ancient lich
 78191 | Crypt:2  | Killed an ancient lich
 78272 | Crypt:2  | Identified the ring of Yraop {rC+ rCorr Str+6 Int-3}
 78285 | Crypt:2  | Identified the ring of Caybot {rPois Will+ rCorr}
 78290 | Crypt:2  | Identified the +6 flail "Sirghebra" {antimagic, SInv}
 78357 | Crypt:3  | Entered Level 3 of the Crypt
 79725 | Crypt:3  | Found a basalt altar of Yredelemnul.
 79732 | Crypt:3  | Noticed an ancient lich
 79735 | Crypt:3  | Killed an ancient lich
 80076 | Crypt:3  | Found a staircase to the Tomb.
 80096 | Crypt:3  | Got the Compendium of Darkness
 80331 | Crypt:3  | Learned a level 9 spell: Shatter
 82824 | Slime:5  | Entered Level 5 of the Pits of Slime
 82943 | Slime:5  | Noticed the Royal Jelly
 83000 | Slime:5  | Reached skill level 15 in Earth Magic
 83155 | Slime:5  | Killed the Royal Jelly
 83497 | Slime:5  | Got the Collected Works on Ashen Orientation
 83532 | Slime:5  | Identified the ring "Kufejysk" {Ice +Blink Str+8 Int-4}
 83555 | Slime:5  | Got a slimy rune of Zot
 84365 | Hell     | Entered the Vestibule of Hell
 84365 | Hell     | Noticed Geryon
 84372 | Hell     | Killed Geryon
 84761 | Hell     | Found a gateway to the freezing wastes of Cocytus.
 84976 | Hell     | Found a gateway to the decaying netherworld of Tartarus.
 85479 | Hell     | Found a gateway to the Iron City of Dis.
 85531 | Hell     | Found a gateway to the ashen valley of Gehenna.
 85743 | Depths:4 | Voluntarily entered the Abyss.
 85823 | Abyss:1  | Found a transporter.
 85823 | Abyss:1  | Found a corrupted altar of Lugonu.
 86327 | Depths:4 | Escaped the Abyss
 86364 | Depths:4 | Voluntarily entered the Abyss.
 86531 | Abyss:1  | Noticed an ancient lich
 86644 | Abyss:1  | Killed an ancient lich
 87810 | Abyss:3  | Reached skill level 15 in Dodging
 87894 | Abyss:3  | Found a corrupted altar of Lugonu.
 88206 | Abyss:3  | Acquired 770 gold pieces
 88410 | Abyss:3  | Found a corrupted altar of Lugonu.
 88694 | Depths:4 | Escaped the Abyss
 89079 | Depths:4 | Voluntarily entered the Abyss.
 89349 | Abyss:1  | Gained mutation: You sometimes lose the ability to read
                  | scrolls when taking damage. [a cacodemon]
 89375 | Depths:4 | Escaped the Abyss
 89751 | Depths:4 | Lost mutation: You sometimes lose the ability to read
                  | scrolls when taking damage. [potion of mutation]
 89751 | Depths:4 | Lost mutation: You occasionally shout uncontrollably at
                  | your foes. [potion of mutation]
 89751 | Depths:4 | Gained mutation: Your large and strong wings let you fly.
                  | [potion of mutation]
 89751 | Depths:4 | Gained mutation: You are dopey. (Int -2) [potion of
                  | mutation]
 89753 | Depths:4 | Voluntarily entered the Abyss.
 89962 | Abyss:2  | Found a snail-covered altar of Cheibriados.
 90063 | Abyss:2  | Reached skill level 15 in Evocations
 90260 | Abyss:2  | Acquired 1171 gold pieces
 90326 | Abyss:2  | Found a shadowy altar of Dithmenos.
 90616 | Abyss:3  | Gained mutation: You occasionally shout uncontrollably at
                  | your foes. [a cacodemon]
 90639 | Abyss:3  | Got an abyssal rune of Zot
 90670 | Depths:4 | Escaped the Abyss
 91041 | Depths:4 | Lost mutation: You occasionally shout uncontrollably at
                  | your foes. [potion of mutation]
 91041 | Depths:4 | Lost mutation: Your large and strong wings let you fly.
                  | [potion of mutation]
 91041 | Depths:4 | Lost mutation: You are dopey. (Int -2) [potion of mutation]
 91041 | Depths:4 | Gained mutation: Your muscles are strong. (Str +2) [potion
                  | of mutation]
 91041 | Depths:4 | Gained mutation: Your magical capacity is low. (-10% MP)
                  | [potion of mutation]
 91041 | Depths:4 | Gained mutation: Your tail ends in a sharp poisonous barb.
                  | [potion of mutation]
 91041 | Depths:4 | Gained mutation: Your tail ends in a wickedly sharp and
                  | poisonous barb. [potion of mutation]
 91326 | Orc:2    | Bought a book of Burglary for 476 gold pieces
 91329 | Orc:2    | Learned a level 2 spell: Passwall
 91417 | Elf:1    | Bought the -2 hat of the Alchemist {rElec rPois rF+ rC+ rN+
                  | Will+ rMut rCorr} for 1227 gold pieces
 91417 | Elf:1    | Found the -2 hat of the Alchemist {rElec rPois rF+ rC+ rN+
                  | Will+ rMut rCorr}
 91575 | D:6      | Bought the ring of Fuorchoch {rF+ Str+4 Int+4 Slay+3} for
                  | 798 gold pieces
 91873 | Zot:1    | Entered Level 1 of the Realm of Zot
 92339 | Zot:1    | Identified the +7 falchion "Xonil" {protect, rF+}
 94231 | Zot:3    | Found the +4 dragonskin cloak
 94231 | Zot:3    | Noticed Tiamat
 94273 | Zot:3    | Killed Tiamat
 94958 | Zot:3    | Noticed an orb of fire
 96792 | Zot:3    | Killed an orb of fire
 97927 | Zot:4    | Found a runed translucent gate.
 97928 | Zot:4    | Found a runed translucent gate.
 97929 | Zot:4    | Found a runed translucent gate.
 97936 | Zot:4    | Noticed Jofris Vesimp's ghost (legendary GnFE)
 98366 | Zot:4    | Paralysed by a Zot trap for 5 turns
 98368 | Zot:4    | Gained mutation: You tend to lose your temper in combat.
                  | [mutagenic glow]
 98374 | Zot:4    | Killed Jofris Vesimp's ghost
 98383 | Zot:4    | Gained mutation: You are frail. (-10% HP) [mutagenic glow]
 98702 | Zot:4    | Identified the +0 helmet "Plog" {+Inv rN+ Regen+}
 98708 | Zot:4    | Identified the +3 spear "Usibiu" {flame, *Slow rC+ rN++
                  | Dex+3}
 98763 | Zot:5    | Entered Level 5 of the Realm of Zot
 99190 | Zot:5    | Noticed a dread lich
 99290 | Zot:5    | Killed a dread lich
 99291 | Zot:5    | Reached skill level 15 in Stealth
 99316 | Zot:5    | Noticed an ancient lich
 99319 | Zot:5    | Noticed a dread lich
 99321 | Zot:5    | Noticed an orb of fire
 99322 | Zot:5    | Killed an ancient lich
 99322 | Zot:5    | Killed a dread lich
 99408 | Zot:5    | Noticed an orb of fire
 99456 | Zot:5    | Gained mutation: Your body sometimes deteriorates upon
                  | taking damage. [an orb of fire]
 99822 | Zot:5    | Killed an orb of fire
100211 | Zot:5    | Noticed an orb of fire
100512 | Zot:5    | Killed an orb of fire
100515 | Zot:5    | Killed an orb of fire
100742 | Zot:5    | Noticed a dread lich
100747 | Zot:5    | Killed a dread lich
100770 | Zot:5    | Noticed an orb of fire
100779 | Zot:5    | Killed an orb of fire
100787 | Zot:5    | Noticed an orb of fire
100806 | Zot:5    | Gained mutation: You are clumsy. (Dex -2) [an orb of fire]
101132 | Zot:4    | Lost mutation: You are frail. (-10% HP) [potion of
                  | mutation]
101132 | Zot:4    | Lost mutation: Your magical capacity is low. (-10% MP)
                  | [potion of mutation]
101132 | Zot:4    | Gained mutation: You occasionally shout uncontrollably at
                  | your foes. [potion of mutation]
101132 | Zot:4    | Lost mutation: Your muscles are strong. (Str +2) [potion of
                  | mutation]
101132 | Zot:4    | Lost mutation: Your body sometimes deteriorates upon taking
                  | damage. [potion of mutation]
101132 | Zot:4    | Gained mutation: You have supernaturally acute eyesight.
                  | (SInv) [potion of mutation]
101133 | Zot:4    | Lost mutation: You occasionally shout uncontrollably at
                  | your foes. [potion of mutation]
101133 | Zot:4    | Lost mutation: You are clumsy. (Dex -2) [potion of
                  | mutation]
101133 | Zot:4    | Lost mutation: Your tail ends in a wickedly sharp and
                  | poisonous barb. [potion of mutation]
101133 | Zot:4    | Gained mutation: Potions are less effective at restoring
                  | your health. [potion of mutation]
101133 | Zot:4    | Gained mutation: You are somewhat resistant to further
                  | mutation. [potion of mutation]
101149 | Zot:4    | Lost mutation: You are somewhat resistant to further
                  | mutation. [potion of mutation]
101149 | Zot:4    | Lost mutation: Potions are less effective at restoring your
                  | health. [potion of mutation]
101149 | Zot:4    | Lost mutation: You have supernaturally acute eyesight.
                  | (SInv) [potion of mutation]
101149 | Zot:4    | Gained mutation: Your flesh is cold resistant. (rC+)
                  | [potion of mutation]
101149 | Zot:4    | Gained mutation: Your muscles are strong. (Str +2) [potion
                  | of mutation]
101150 | Zot:4    | Lost mutation: You tend to lose your temper in combat.
                  | [potion of mutation]
101150 | Zot:4    | Lost mutation: Your flesh is cold resistant. (rC+) [potion
                  | of mutation]
101150 | Zot:4    | Gained mutation: Your body sometimes deteriorates upon
                  | taking damage. [potion of mutation]
101150 | Zot:4    | Gained mutation: You are robust. (+10% HP) [potion of
                  | mutation]
101151 | Zot:4    | Lost mutation: Your tail ends in a sharp poisonous barb.
                  | [potion of mutation]
101151 | Zot:4    | Lost mutation: Your muscles are strong. (Str +2) [potion of
                  | mutation]
101151 | Zot:4    | Gained mutation: You are very robust. (+20% HP) [potion of
                  | mutation]
101151 | Zot:4    | Gained mutation: Your spells are a little easier to cast,
                  | but a little less powerful. [potion of mutation]
101151 | Zot:4    | Gained mutation: You are clumsy. (Dex -2) [potion of
                  | mutation]
101151 | Zot:4    | Gained mutation: You are extremely robust. (+30% HP)
                  | [potion of mutation]
101152 | Zot:4    | Lost mutation: You are extremely robust. (+30% HP) [potion
                  | of mutation]
101152 | Zot:4    | Lost mutation: Your spells are a little easier to cast, but
                  | a little less powerful. [potion of mutation]
101152 | Zot:4    | Gained mutation: You expend magic power (3 MP) to
                  | strengthen your wands. [potion of mutation]
101152 | Zot:4    | Gained mutation: Your large and strong wings let you fly.
                  | [potion of mutation]
101265 | Zot:5    | Killed an orb of fire
101844 | Zot:5    | Got the Orb of Zot
101942 | Zot:2    | Noticed Ixesk the pandemonium lord
102485 | D:$      | Escaped with the Orb!

Illustrated notes

Levels and vault maps discovered:
D:1:      dpeg_arrival_tiny_c, layout_loops_ring
D:2:      layout_loops_ring, hellmonk_ecumenical_altar_leap_of_faith
D:3:      layout_loops_ring, general_overflow_altar, uniq_grinder,
          uniq_crazy_yiuf_cottage, uniq_ijyb
D:4:      layout_rooms, hangedman_abyss_or_decor_slice,
          hangedman_minor_gate_pass
D:5:      layout_basic, temple_doors_e, serial_shops, shop, nicolae_shop_trees,
          ebering_ghost_inner_flame, uniq_eustachio, uniq_pikel
D:6:      layout_rooms, kennysheep_little_box, mainiacjoe_overflow_alcove_4,
          serial_shops, shop_statue, cheibrodos_sewer_entry_drain,
          uniq_blork_the_orc
D:7:      layout_loops_cross, mainiacjoe_overflow_boulevard,
          minmay_manual_mandibuliform
D:8:      layout_basic, pdpol_wu_jian_five_deadly_venoms
D:9:      layout_loops_ring, serial_shops, shop, dk_rats_in_the_wall
D:10:     minmay_smoke_and_mirrors, layout_long_grid, zin_purify, orc_0_dummy,
          uniq_maggie, uniq_grum
D:11:     layout_roguey, erik_lair_dragon, uniq_erica, uniq_josephine
D:12:     layout_basic
D:13:     lemuel_vampire_tower, layout_basic, david_vaults_3,
          minmay_rotating_lava
D:14:     minmay_textured_paths, layout_layer_cave
D:15:     grunt_enter_depths_hoard, layout_cave_pools, dk_noncrumbling_4,
          serial_shops, shop, nicolae_good_shop
Temple:   nicolae_temple_elliptical
Lair:1:   layout_big_grid, chequers_serial_rivers_large_a
Lair:2:   layout_cave_pods, swamp_mist, grunt_forest_small_clearings
Lair:3:   layout_chaotic_city, grunt_megastairs_2
Lair:4:   layout_gridlike, spider_nest_entry_funnel_web
Lair:5:   layout_regular_city, dpeg_slime_entry_corner
Lair:6:   due_jungle_book, layout_regular_city, st_stairs_4, grunt_megastairs_3
Swamp:1:  layout_basic_swamp, hangedman_swamp_diagram, swamp_pool2
Swamp:2:  layout_basic_swamp, nicolae_swamp_stair_fork,
          infiniplex_staircase_pool_2
Swamp:3:  layout_basic_swamp, hangedman_swamp_ruin_wall, swamp_pool1,
          uniq_nikola
Swamp:4:  byrel_swamp_growth_death_and_undeath, layout_basic_swamp
Spider:1: layout_spider_delve, nicolae_spider_rock_and_or_roll, uniq_rupert
Spider:2: layout_spider_delve, uniq_arachne
Spider:3: layout_spider_delve, drop_trap, hangedman_spider_tarantella_strand
Spider:4: grunt_spider_rune_parallel, uniq_roxanne, uniq_asterion, uniq_aizul
Slime:1:  layout_caves, cheibrodos_slime_lost_civilization_4
Slime:2:  layout_caves
Slime:3:  layout_caves
Slime:4:  layout_caves
Slime:5
Orc:1:    layout_caves
Orc:2:    st_orc_congregation, layout_diamond_mine
Elf:1:    minmay_elf_arrival_circle, layout_gridlike, serial_shops,
          nicolae_shop_crystal, minmay_elf_annihilation, minivault_14,
          nicolae_wooded_promenade
Elf:2:    elven_hall_of_blades_hangedman_original
          [nicolae_blade_entry_floor_patterns], layout_loops_cross,
          portal_ice_cave_entry_pillars_1, uniq_azrael
Elf:3:    minmay_elf_hall_furrowed, layout_geoelf_diagonals, minmay_the_grid_2x2
          [minmay_the_grid_box_x, minmay_the_grid_minigrid_large,
          minmay_the_grid_spin_star, minmay_the_grid_prize_diamond_cup]
Vaults:1: v_misc_19, grunt_vaults_focal, ontoclasm_vaults_twist, v_misc_24,
          nicolae_vaults_circle_grid_a, ontoclasm_vaults_spin, v_misc_33,
          nicolae_vaults_network_quinsquares
          [nicolae_vaults_network_quincunx_subvault,
          nicolae_vaults_network_quincunx_subvault,
          nicolae_vaults_network_quincunx_subvault,
          nicolae_vaults_network_quincunx_subvault], sword_in_stone,
          v_pattern_4, vaults_dpeg_cross, nicolae_vaults_twisting_passages,
          nicolae_vaults_theta, vaults_room_door_ring, hangedman_vaults_locks,
          layout_vaults_maze_bifur
Vaults:2: ontoclasm_vaults_loading_screen, nicolae_vaults_mini_display_case,
          nicolae_vaults_triangles, nicolae_vaults_three_branches, v_pattern_1,
          hangedman_vaults_stream, v_misc_27, vaults_dpeg_diagonal,
          v_alt_pattern_3, st_diamondy, nicolae_vaults_shelves_hall,
          layout_vaults_omnibox, serial_shops, bzr_entry_dummy
Vaults:3: hangedman_vaults_stagger, nicolae_vaults_bisected_slash,
          nicolae_vaults_border_crossing, vaults_room_door_hall,
          minmay_crypt_entry_simple_box, hangedman_vaults_maws,
          layout_vaults_omnigrid, uniq_jory
Vaults:4: vaults_standard_mumra_enter_the_diamond, vaults_mumra_chevron,
          vaults_dpeg_doors, hangedman_vaults_stretched_pinwheel,
          grunt_vaults_twisty, nicolae_vaults_circle_grid_a, vaults_dpeg_ring,
          v_rooms_3, grunt_vaults_hallway_short, layout_vaults_omnicross,
          uniq_donald, uniq_margery, uniq_boris
Vaults:5: serial_shops
Crypt:1:  layout_basic, roderic_lattice_octagonal_star
Crypt:2:  gammafunk_its_a_trap, layout_chaotic_city, uniq_khufu,
          uniq_saint_roka, uniq_xtahua
Crypt:3:  cryptofortress_bobbens
Depths:1: layout_cave_shapes, lemuel_crystal_altar, grunt_pan_entry_in_and_out,
          hell_entry, minmay_misc_feat_four_crosses, hellmonk_bongcloud_opening,
          kennysheep_inner_square, kennysheep_random_hallway
Depths:2: kennysheep_ambush_hall, layout_gridlike, nicolae_lava_and_water,
          mu_enter_wizlab_7, grunt_pan_entry_sceptre,
          grunt_hell_entry_dis_grunt, firewood_loft, serial_bayou_shore_b,
          serial_bayou_shore_b
Depths:3: grunt_house_of_mirrors, layout_basic, nicolae_trove_entry_crystal,
          nrook_mini_vaults, hell_entry, pan_entry, serial_sigils,
          serial_sigils_hangedman_snap, serial_sigils_hangedman_shear,
          serial_sigils_hangedman_writhe, serial_sigils_hangedman_gut,
          serial_sigils_hangedman_gut, serial_shops, nicolae_diamond_shop
Depths:4: hangedman_surveillance_ring, layout_basic, nrook_pool_corridor,
          abyss_entry, lightli_too_deep, st_stairs_1
Depths:5: lemuel_castle_with_subvaults [lemuel_castle_interior_carwin_3],
          layout_basic, enter_ziggurat_c, chequers_serial_rivers_small_a,
          hell_entry, serial_shops, bzr_entry_lakeside, skrybe_limestone_x,
          minmay_shop_grove, serial_bayou_shore_b, uniq_frederick
Hell
Zot:1:    layout_cellular_growth
Zot:2:    layout_twisted_circle
Zot:3:    lemuel_halls_of_wrath, layout_onion, zot_minivault_3, uniq_tiamat
Zot:4:    layout_cathedral_of_symmetry, gammafunk_ghost_tricky_traps
Zot:5:    layout_misc_corridors, grunt_ministairs_13

Skill      XL: |  1  2  3  4  5  6  7  8  9 10 11 12 13 14 15 16 17 18 19 20 21 22 23 24 25 26 27 |
---------------+----------------------------------------------------------------------------------+-----
Dodging        | 2 3 4 5 6 7 8 9 10 11 12 13 14 17 | 17.8
Stealth        | 2 3 4 5 6 7 8 9 10 11 16 | 16.0
Spellcasting   | 3 5 6 7 8 9 10 11 12 13 14 15 16 17 18 20 21 22 | 22.0
Conjurations   | 5 6 7 9 10 11 12 13 14 15 16 18 20 | 20.0
Hexes          | 1 3 4 5 |  5.0
Translocations | 1 3 4 5 |  5.0
Fire Magic     | 3 5 6 8 9 10 11 12 13 14 15 16 19 | 19.6
Fighting       | 1 3 4 5 7 8 9 10 11 12 13 14 15 16 21 | 21.2
Shields        | 1 2 4 |  4.0
Evocations     | 1 2 4 5 6 7 8 9 11 12 13 14 17 | 17.9
Staves         | 2 4 5 6 7 8 9 10 11 12 | 12.0
Earth Magic    | 2 4 5 6 7 11 19 | 19.7
Poison Magic   | 3 6 7 |  7.0
Transmutations | 1 4 5 |  5.0
Air Magic      | 4 7 8 9 10 11 12 13 14 16 19 | 19.6

Action                   |  1- 3 |  4- 6 |  7- 9 | 10-12 | 13-15 | 16-18 | 19-21 | 22-24 | 25-27 || total
-------------------------+-------+-------+-------+-------+-------+-------+-------+-------+-------++-------
Melee: Unarmed           |     1 |       |       |       |       |       |       |       |       ||     1
       Dagger            |     5 |     5 |       |     2 |       |       |       |       |       ||    12
       Tailslap          |       |     1 |       |       |     9 |    20 |    10 |     6 |   150 ||   196
       Staff             |       |       |       |    11 |    94 |   239 |   103 |    44 |  1106 ||  1597
 Cast: Magic Dart        |    52 |    49 |    50 |    42 |    70 |     3 |       |       |       ||   266
       Searing Ray       |     7 |    21 |    55 |    52 |    10 |       |       |       |       ||   145
       Fulminant Prism   |       |       |     8 |    95 |    99 |    19 |       |       |       ||   221
       Iskenderun's Myst |       |       |       |    84 |   198 |    91 |    20 |    13 |    36 ||   442
       Inner Flame       |       |       |       |    12 |     1 |       |       |       |       ||    13
       Bolt of Magma     |       |       |       |     2 |   194 |   260 |   187 |   234 |   383 ||  1260
       Starburst         |       |       |       |       |    24 |    17 |     2 |       |     6 ||    49
       Iskenderun's Batt |       |       |       |       |     6 |       |       |       |       ||     6
       Fireball          |       |       |       |       |     3 |    53 |   108 |     3 |    36 ||   203
       Lightning Bolt    |       |       |       |       |     1 |    14 |    72 |   107 |   281 ||   475
       Eringya's Noxious |       |       |       |       |     1 |     4 |     1 |       |       ||     6
       Ignition          |       |       |       |       |       |    73 |    98 |    76 |    47 ||   294
       Chain Lightning   |       |       |       |       |       |       |       |       |   228 ||   228
       Fire Storm        |       |       |       |       |       |       |       |       |    43 ||    43
       Lehudib's Crystal |       |       |       |       |       |       |       |       |    85 ||    85
       Shatter           |       |       |       |       |       |       |       |       |    33 ||    33
       Passwall          |       |       |       |       |       |       |       |       |    15 ||    15
 Abil: Breathe Noxious F |       |       |       |       |     1 |       |       |       |     1 ||     2
Evoke: Wand              |       |       |       |       |       |     5 |     2 |     4 |     5 ||    16
       Phial of floods   |       |       |       |       |       |       |       |       |     1 ||     1
  Use: Scroll            |       |       |     6 |     3 |    12 |    18 |     8 |     6 |    14 ||    67
       Potion            |       |       |       |       |     2 |     3 |     6 |     3 |     8 ||    22
 Stab: Sleeping          |       |       |       |       |       |     6 |       |       |     5 ||    11
       Distracted        |       |       |       |       |       |     1 |       |       |    10 ||    11
Armor: Skin              |     4 |     9 |    19 |    24 |    80 |   199 |    72 |    33 |   413 ||   853
Dodge: Dodged            |     1 |    15 |    45 |    47 |   140 |   264 |   111 |    90 |   663 ||  1376
Block: Buckler           |       |       |       |    24 |    93 |   185 |   103 |   105 |   800 ||  1310
       Reflection        |       |       |       |     4 |    22 |    18 |    29 |    17 |   223 ||   313
